 Dungeon Crawl Stone Soup version 0.22-a0-196-gee22f27 (webtiles) character file.

723 4thArraOfDagon the Slasher (level 8, -1/47 HPs)
             Began as a Halfling Wanderer on Feb 17, 2018.
             Was a Believer of Kikubaaqudgha.
             Slain by a river rat (5 damage)
             ... in a sewer.
             The game lasted 00:12:15 (2647 turns).

4thArraOfDagon the Slasher (Halfling Wanderer)      Turns: 2647, Time: 00:12:16

Health: -1/47      AC:  5    Str: 10    XL:     8   Next: 2%
Magic:  8/8        EV: 14    Int: 15    God:    Kikubaaqudgha [**....]
Gold:   173        SH:  0    Dex: 14    Spells: 5/8 levels left

rFire    . . .     SeeInvis .   a - +3 falchion
rCold    . . .     Gourm    .   (shield restricted)
rNeg     . . .     Faith    .   i - +0 ring mail
rPois    .         Spirit   .   (no helmet)
rElec    .         Reflect  .   (no cloak)
rCorr    .         Harm     .   (no gloves)
MR       .....                  (no boots)
Stlth    +.........             (no amulet)
HPRegen  0.15/turn              (no ring)
MPRegen  0.11/turn              (no ring)

@: no status effects
A: small, mutation resistance 1
a: Receive Corpses, Renounce Religion


You were in a sewer.
You worshipped Kikubaaqudgha.
Kikubaaqudgha was pleased with you.
You were not hungry.

You visited 1 branch of the dungeon, and saw 5 of its levels.
You also visited: Sewer.

You collected 173 gold pieces.

Inventory:

Hand Weapons
 a - a +3 falchion (weapon)
 e - a +0 dagger
 o - a -2 blowgun
 p - a +1 dagger of electrocution
Armour
 d - a cursed -2 scale mail
 i - a +0 ring mail (worn)
Scrolls
 c - 3 scrolls of teleportation
 h - 3 scrolls of remove curse
 j - 3 scrolls of identify {unknown}
 l - a scroll of enchant armour {unknown}
 m - a scroll of amnesia {unknown}
 n - 2 scrolls of blinking {unknown}
 q - a scroll of fog {unknown}
Potions
 b - 3 potions of curing
 g - 2 potions of haste {unknown}
 k - a potion of degeneration {unknown}
 r - 2 potions of ambrosia {unknown}
 s - 2 potions of lignification {unknown}
 t - 2 potions of invisibility {unknown}
 w - a potion of magic {unknown}
Books
 u - Kikubaaqudgha's Disquisition on Sinister Magic
   (Kikubaaqudgha gifted it to you on level 3 of the Dungeon)

   Spells                             Type                      Level
   a - Animate Skeleton               Necromancy                   1
   b - Pain                           Necromancy                   1
   c - Sublimation of Blood           Necromancy                   2
   d - Vampiric Draining              Necromancy                   3
Comestibles
 f - 12 rations


   Skills:
 + Level 0.7 Fighting
 * Level 5.2 Long Blades
   Level 4.3 Bows
 + Level 3.7 Armour
 + Level 3.5 Dodging
 - Level 2.1 Stealth
   Level 1.1 Shields
 + Level 0.6 Spellcasting
 * Level 3.0 Necromancy


You had 5 spell levels left.
You knew the following spells:

 Your Spells              Type           Power        Failure   Level  Hunger
a - Vampiric Draining     Necr           #.........   45%         3    ####...


Dungeon Overview and Level Annotations

Branches:
Dungeon (5/15)
 Temple: D:4-7

Altars:
Kikubaaqudgha
Okawaru


Innate Abilities, Weirdness & Mutations

You are small and have problems with some larger weapons.
You are somewhat resistant to further mutation.


Message History

You have reached level 8!
You enter the shallow water.
Moving in this stuff is going to be slow.
A river rat comes into view.
Found a scroll labeled PIYQEI RYATA.
The river rat misses you.
You hit the river rat but do no damage. The river rat bites you.
You hit the river rat.
The river rat is heavily wounded.
The river rat bites you!
* * * LOW HITPOINT WARNING * * *
You closely miss the river rat.
The river rat is heavily wounded.
The river rat bites you!
* * * LOW HITPOINT WARNING * * *
You hit the river rat.
The river rat is severely wounded.
The river rat bites you.
You die...
Kikubaaqudgha rasps: "You have failed me!
Welcome... death!"

#.≈≈# #≈≈.## #####
#≈≈≈≈## #.≈≈≈≈#####
#..≈.≈###
#≈≈.≈≈########..≈≈≈≈≈
#.≈≈≈.###≈..≈≈≈≈####.≈≈≈≈
##### #≈≈.≈...≈# ##≈..≈
.≈≈≈≈###.≈≈≈≈.≈.####≈..≈
#≈≈r@≈####...≈##≈≈..≈
?≈≈≈.##### ##..≈.≈.≈≈.≈
### ##≈≈....≈..
#.....≈≈.. #≈≈≈.≈≈.∩.
#≈≈≈≈≈.... ##≈≈.≈.....
#≈≈≈.≈≈...≈ ..≈.##≈..≈.


You could see a river rat.

Vanquished Creatures
  2 big kobolds (Sewer)
  A bullfrog (D:5)
  2 hounds
  3 orc priests (D:4)
  A centaur zombie (D:5)
  Jessica (D:2)
  2 orc wizards (D:4)
  2 worker ants (D:5)
  4 gnolls (D:5)
  7 adders
  A river rat (Sewer)
  A shadow imp (D:5)
  3 oozes (Sewer)
  An adder skeleton (D:4)
  4 worms
  A dart slug (D:3)
  6 leopard geckos
  6 orcs
  4 ball pythons
  3 bats
  4 giant cockroaches
  6 goblins
  A hobgoblin (D:3)
  7 jackals
  8 kobolds
  2 quokkas
  3 frilled lizards (D:1)
  6 rats
92 creatures vanquished.

Notes
Turn   | Place    | Note
-------+----------+-------------------------------------------
     0 | D:1      | 4thArraOfDagon the Halfling Wanderer began the quest for the Orb.
     0 | D:1      | 4thArraOfDagon set off with: a +2 falchion, a potion of curing, a scroll of teleportation, a +0 robe, a +0 dagger, a ration
     0 | D:1      | Reached XP level 1. HP: 11/11 MP: 1/1
   156 | D:1      | Reached XP level 2. HP: 17/17 MP: 2/2
   268 | D:2      | Noticed Jessica
   271 | D:2      | Killed Jessica
   271 | D:2      | Reached skill level 3 in Long Blades
   271 | D:2      | Reached skill level 1 in Dodging
   271 | D:2      | Reached XP level 3. HP: 21/21 MP: 3/3
   699 | D:3      | Reached XP level 4. HP: 15/27 MP: 4/4
   888 | D:3      | Found an iron altar of Okawaru.
  1007 | D:3      | Found a faded altar of an unknown god.
  1034 | D:3      | Became a worshipper of Kikubaaqudgha
  1034 | D:3      | Reached * piety under Kikubaaqudgha
  1034 | D:3      | Identified Kikubaaqudgha's Disquisition on Sinister Magic (Kikubaaqudgha gifted it to you on level 3 of the Dungeon)
  1034 | D:3      | Received a gift from Kikubaaqudgha
  1046 | D:3      | Learned a level 3 spell: Vampiric Draining
  1088 | D:4      | Reached XP level 5. HP: 31/31 MP: 5/5
  1092 | D:4      | Reached skill level 1 in Necromancy
  1111 | D:4      | Reached skill level 4 in Long Blades
  1183 | D:4      | Reached XP level 6. HP: 36/36 MP: 6/6
  1197 | D:4      | Found an ancient bone altar of Kikubaaqudgha.
  1896 | D:5      | Entered Level 5 of the Dungeon
  2024 | D:5      | Reached XP level 7. HP: 18/41 MP: 7/7
  2152 | D:5      | Reached ** piety under Kikubaaqudgha
  2192 | D:5      | Found a glowing drain.
  2205 | Sewer    | Entered a sewer
  2290 | Sewer    | Reached skill level 5 in Long Blades
  2633 | Sewer    | Reached XP level 8. HP: 22/47 MP: 8/8
  2647 | Sewer    | Slain by a river rat

Vault maps used:
D:1:      dpeg_arrival_rooms_a, minmay_misc_feat_roman
D:2:      first_ration, hangedman_decor_points, uniq_jessica
D:3:      old_standard_altar, chequers_ecumenical_altar_grove
D:4:      old_standard_altar, grunt_ministairs_5
D:5:      nicolae_gozag_cash_rules_everything_around_me,
          lemuel_coloured_pillars_altar, gup_sewer_entry_pipe, bh_walls_and_bars
Sewer:    sewer_co_tree

Skill      XL: |  1  2  3  4  5  6  7 |
---------------+----------------------+-----
Long Blades    | 3 4 5 |  5.2
Dodging        | 1 2 3 |  3.5
Armour         | 2 3 |  3.7
Necromancy     | 1 2 3 |  3.0
Fighting       | |  0.7
Bows           | |  4.3
Stealth        | |  2.1
Shields        | |  1.1
Spellcasting   | |  0.6

Action                   |  1- 3 |  4- 6 |  7- 9 || total
-------------------------+-------+-------+-------++-------
Melee: Falchion          |    28 |       |   123 ||   151
       Dagger            |    11 |   147 |    39 ||   197
  Use: Scroll            |     1 |       |     3 ||     4
       Potion            |       |     4 |     2 ||     6
 Stab: Sleeping          |       |     1 |       ||     1
  Eat: Chunk             |       |     4 |     2 ||     6
Armor: Ring mail         |    16 |    44 |    33 ||    93
Dodge: Dodged            |    20 |    87 |    94 ||   201
       Rpst.: Falchion   |     3 |       |    18 ||    21

Table legend:
 A = Spawn XP
 B = Non-spawn XP
 C = Spawn XP percentage of total XP
 D = Spawn monster count
 E = Non-spawn monster count
 F = Spawn count percentage of total count
 G = Total turns spent on level
                    A         B        C        D         E        F      G
               +---------+---------+-------+---------+---------+-------+---------
         Total |       0 |    1033 |   0.0 |       0 |      92 |   0.0 |  2647
               +---------+---------+-------+---------+---------+-------+---------
           D:1 |       0 |      15 |   0.0 |       0 |      10 |   0.0 |   268
           D:2 |       0 |      47 |   0.0 |       0 |       8 |   0.0 |   333
           D:3 |       0 |      33 |   0.0 |       0 |      14 |   0.0 |   474
           D:4 |       0 |     289 |   0.0 |       0 |      17 |   0.0 |   821
           D:5 |       0 |     324 |   0.0 |       0 |      20 |   0.0 |   309
         Sewer |       0 |     325 |   0.0 |       0 |      23 |   0.0 |   442
               +---------+---------+-------+---------+---------+-------+---------
